 Dungeon Crawl Stone Soup version 0.30-a0-711-gf4ac18a38d (webtiles) character file.

Game seed: 5083801482417466434

160876 ASSMAN the Tortoise (level 17, -3/166 HPs)
             Began as a Minotaur Berserker on Jan 23, 2023.
             Was a High Priest of Trog.
             Succumbed to a nagaraja's poison arrow
             ... on level 4 of the Snake Pit.
             The game lasted 00:47:13 (24661 turns).

ASSMAN the Tortoise (Minotaur Berserker)           Turns: 24661, Time: 00:47:14

Health: -3/166     AC: 33    Str: 28    XL:     17   Next: 19%
Magic:  4/16       EV: 10    Int:  6    God:    Trog [*****.]
Gold:   508        SH: 20    Dex: 12    Spells: 16/16 levels left

rFire   + . .      SeeInvis +    I - +12 spear of the Bruised Ears {heavy, Will+}
rCold   + + .      Faith    .    w - +1 tower shield
rNeg    + + +      Spirit   +    r - +6 plate armour of Limited Liability {Harm *Corrode rElec rN+}
rPois   .          Reflect  .    n - +3 crown of Dyrovepreva {rElec Int+2 SInv}
rElec   +          Harm     +    s - scarf {harm}
rCorr   .          Rampage  .    U - +1 pair of gloves of Hepliaklqana's Whim {+Blink Will- Slay+4}
Will    ++...                    o - +0 pair of boots Stlth
                                 M - amulet of Wenwe {Spirit rF+ Slay+2}
HPRegen 0.47/turn                T - ring "Fycwur" {rC+ Will+}
MPRegen 0.15/turn                L - ring "Faemoptu" {*Slow rElec rC+ rN++ Slay+3}

@: lethally poisoned (-3 -> -37), on berserk cooldown, slowed, very slow
A: horns 2, retaliatory headbutt
a: Renounce Religion, Evoke Blink, Berserk, Trog's Hand, Brothers in Arms


You were on level 4 of the Snake Pit.
You worshipped Trog.
Trog was extremely pleased with you.
You visited 4 branches of the dungeon, and saw 25 of its levels.
You also visited: Bailey, Gauntlet and Ice Cave.

You collected 1753 gold pieces.
You spent 1245 gold pieces at shops.

Inventory:

Hand Weapons
 z - a +3 antimagic bardiche
 I - the +12 spear of the Bruised Ears (weapon) {heavy, Will+}
   (You found it on level 9 of the Dungeon)

   Will:      It increases your willpower.
 W - a +1 demon trident of freezing
Missiles
 m - 19 javelins (quivered)
 x - a throwing net
Armour
 n - the +3 crown of Dyrovepreva (worn) {rElec Int+2 SInv}
   (You found it in a Gauntlet)

   Int:       It affects your intelligence (+2).
   rElec:     It insulates you from electricity.
   SInv:      It lets you see invisible.
 o - a +0 pair of boots (worn)
 r - the +6 plate armour of Limited Liability (worn) {Harm *Corrode rElec rN+}
   (You bought it in a shop on level 10 of the Dungeon)

   rElec:     It insulates you from electricity.
   rN:        It protects you from negative energy.
   *Corrode:  It may corrode you when you take damage.
   Harm:      It increases damage dealt and taken.
 s - a scarf of harm (worn)
 w - a +1 tower shield (worn)
 B - the +2 scale mail of the Eight Boll Weevils {Harm rC+ Regen+}
   (You found it in a Gauntlet)

   rC:        It protects you from cold.
   Regen:     It increases your rate of health regeneration.
   Harm:      It increases damage dealt and taken.
 R - a +2 chain mail of fire resistance
 U - the +1 pair of gloves of Hepliaklqana's Whim (worn) {+Blink Will- Slay+4}
   (You found it on level 3 of the Lair of Beasts)

   Slay:      It affects your accuracy & damage with ranged weapons and melee
   (+4).
   +Blink:    It lets you blink.
   Will:      It decreases your willpower.
 V - the +4 ring mail of Inference {rC+ Str+3}
   (You found it in a Gauntlet)

   Str:       It affects your strength (+3).
   rC:        It protects you from cold.
 Z - +1 pearl dragon scales
Magical Staves
 K - a staff of earth
Jewellery
 l - a +5 ring of evasion
 u - a ring of see invisible
 L - the ring "Faemoptu" (right hand) {*Slow rElec rC+ rN++ Slay+3}
   (You found it in an ice cave)

   [ring of protection from cold]

   Slay:      It affects your accuracy & damage with ranged weapons and melee
   (+3).
   rC:        It protects you from cold.
   rElec:     It insulates you from electricity.
   rN:        It greatly protects you from negative energy.
   *Slow:     It may slow you when you take damage.
 M - the amulet of Wenwe (around neck) {Spirit rF+ Slay+2}
   (You found it in a Gauntlet)

   [amulet of guardian spirit]

   It causes incoming damage to be divided between your reserves of health and
   magic.
   Slay:      It affects your accuracy & damage with ranged weapons and melee
   (+2).
   rF:        It protects you from fire.
 T - the ring "Fycwur" (left hand) {rC+ Will+}
   (You found it in an ice cave)

   [ring of protection from cold]

   rC:        It protects you from cold.
   Will:      It increases your willpower.
Wands
 e - a wand of charming (7)
 t - a wand of iceblast (6)
 A - a wand of quicksilver (18)
 C - a wand of polymorph (3)
 F - a wand of digging (3)
 J - a wand of flame (84)
Scrolls
 b - 10 scrolls of blinking
 g - 6 scrolls of enchant weapon
 i - a scroll of magic mapping
 j - 13 scrolls of identify
 p - 6 scrolls of enchant armour
 q - 8 scrolls of fog
 v - 2 scrolls of silence
 y - 5 scrolls of teleportation
 E - 6 scrolls of fear
 O - 2 scrolls of summoning
 Y - 2 scrolls of brand weapon
Potions
 a - a potion of experience {unknown}
 c - 10 potions of curing
 d - 2 potions of berserk rage
 f - 2 potions of magic
 h - 2 potions of heal wounds
 k - 2 potions of resistance
 G - 2 potions of might
 N - 5 potions of flight
 P - 2 potions of haste
Miscellaneous
 H - a condenser vane
 Q - a box of beasts


   Skills:
 + Level 18.5 Fighting
 - Level 12.0 Polearms
 + Level 20.5 Armour
 - Level 8.2 Dodging
 + Level 17.8 Shields
 - Level 11.7 Unarmed Combat


You had 16 spell levels left.
You didn't know any spells.
Your spell library contained the following spells:

 Spells                   Type           Power      Damage    Failure   Level
 Beastly Appendage        Tmut           0%         N/A       99%         1
 Freeze                   Ice            0%         1d3       99%         1
 Magic Dart               Conj           0%         1d3       99%         1
 Sandblast                Erth           0%         2d4       99%         1
 Blink                    Tloc           0%         N/A       100%        2
 Call Imp                 Summ           0%         N/A       100%        2
 Cigotuvi's Dreadful Rot  Necr/Pois/Air  0%         N/A       100%        2
 Lesser Beckoning         Tloc           0%         N/A       100%        2
 Momentum Strike          Conj/Tloc      0%         3d8       100%        2
 Passwall                 Tmut/Erth      0%         N/A       100%        2
 Poisonous Vapours        Pois/Air       0%         N/A       100%        2
 Searing Ray              Conj           0%         2d4       100%        2
 Wereblood                Tmut           0%         N/A       100%        2
 Call Canine Familiar     Summ           0%         N/A       100%        3
 Frozen Ramparts          Ice            0%         1d1       100%        3
 Gell's Gravitas          Tloc           0%         N/A       100%        3
 Hailstorm                Conj/Ice       0%         3d3       100%        3
 Inner Flame              Hex/Fire       0%         N/A       100%        3
 Mephitic Cloud           Conj/Pois/Air  0%         N/A       100%        3
 Ozocubu's Armour         Ice            0%         N/A       100%        3
 Portal Projectile        Hex/Tloc       0%         N/A       100%        3
 Spider Form              Tmut/Pois      0%         N/A       100%        3
 Stone Arrow              Conj/Erth      0%         3d7       100%        3
 Teleport Other           Tloc           0%         N/A       100%        3
 Animate Dead             Necr           0%         N/A       100%        4
 Flame Wave               Conj/Fire      0%         2d4       100%        4
 Fulminant Prism          Conj/Hex       0%         3d5       100%        4
 Ice Form                 Ice/Tmut       0%         N/A       100%        4
 Leda's Liquefaction      Hex/Erth       0%         N/A       100%        4
 Manifold Assault         Tloc           0%         N/A       100%        4
 Sticky Flame             Conj/Fire      0%         2d3       100%        4
 Summon Ice Beast         Ice/Summ       0%         N/A       100%        4
 Metabolic Englaciation   Hex/Ice        0%         N/A       100%        5
 Summon Forest            Summ/Tloc      0%         N/A       100%        5
 Summon Mana Viper        Hex/Summ       0%         N/A       100%        5
 Dispersal                Tloc           0%         N/A       100%        6
 Simulacrum               Ice/Necr       0%         N/A       100%        6
 Summon Cactus Giant      Summ           0%         N/A       100%        6
 Haunt                    Necr/Summ      0%         N/A       100%        7
 Disjunction              Tloc           0%         N/A       100%        8
 Infestation              Necr           0%         N/A       100%        8


Dungeon Overview and Level Annotations

Branches:
Dungeon (15/15)            Temple (1/1) D:7            Lair (5/5) D:8
 Shoals (0/4) Lair:3        Snake (4/4) Lair:2        Slime (0/5) Lair:5
    Orc (0/2) D:9          Vaults (0/5) D:13         Depths (0/4) D:15
 Bailey (visited)           IceCv (visited)         Gauntlet (visited)

Altars:
Ashenzari
Cheibriados
Dithmenos
Elyvilon
Fedhas
Gozag
Hepliaklqana
Kikubaaqudgha
Makhleb
Nemelex Xobeh
Okawaru
Qazlal
Ru
Sif Muna
Trog
Uskayaw
Vehumet
Wu Jian
Xom
Yredelemnul
Zin
The Shining One

Shops:
D:3 :   D:4 *   D:9 (   D:10 *   D:11 [   D:14 *   Snake:1 [[   Snake:3 ?(((

Portals:
Hell: Lair:5


Innate Abilities, Weirdness & Mutations

You have a pair of horns on your head.
You reflexively headbutt those who attack you in melee.


Message History

The sea snake dies!
You feel very sick.
The naga ritualist utters an invocation to its god.
The naga ritualist begins to radiate toxic energy.
* * * LOW HITPOINT WARNING * * *
You are more poisoned.
You feel a strong urge to attack something.
You are no longer berserk.
You are exhausted.
You feel yourself slow down.
You feel sick.
The salamander unwields a +0 shortbow of flaming.
It stops flaming.
You block the salamander's attack.
You impale the salamander!!
The salamander is severely wounded.
You feel very sick.
The naga mage no longer looks unusually strong.
The naga sharpshooter mumbles some strange words.
The salamander hits you but does no damage.
You impale the salamander!!
You kill the salamander!
Trog accepts your kill.
You feel very sick.
* * * LOW HITPOINT WARNING * * *
You are more poisoned.
The nagaraja points at you and mumbles some strange words.
The poison arrow hits you!!
You are lethally poisoned!
* * * LOW HITPOINT WARNING * * *
The naga warrior roars a battlecry!
The naga mage goes into a battle-frenzy!
The naga sharpshooter casts a spell.
The naga sharpshooter magically shoots an arrow.
You block the arrow. The nagaraja casts a spell at you.
You resist with some effort.
The naga warrior roars a battlecry!
Blink to where?
Press: ? - help, Dir - move target
As you read the scroll of blinking, it crumbles to dust.
You die...

#########)## ###### #)#
#..... ###)# #..... #.))#
#..... ######)### #.....
#...[...# #.....
##.......##########.....
........[.##.............
###.....@....#########.##
##........### #.#
..........# #.#
###........# #.##
#........# #.##
####.......## ###...
.......)...# ##....#
.##.#ยง#..# #...### #.#
##..##


There were no monsters in sight!

Vanquished Creatures
  Jorgrun (Snake:1)
  Frances (Snake:1)
  Gastronok (Lair:3)
  3 azure jellies (IceCv)
  3 nagarajas
  A rockslime (IceCv)
  Louise (D:15)
  Aizul (Snake:1)
  4 quicksilver oozes (IceCv)
  A minotaur (Gauntlet)
  The ghost of Peaff the Covert, a journeyman VSEn of Gozag (Lair:4)
  Josephine (Lair:3)
  A great orb of eyes (D:14)
  An ice dragon (D:15)
  An entropy weaver (Gauntlet)
  10 vault guards
  7 hydras
  Fannar (Lair:2)
  5 centaur warriors
  2 two-headed ogres (D:13)
  2 catoblepae (Lair:5)
  9 anacondas
  4 boulder beetles
  7 naga warriors
  3 tengu warriors
  14 death yaks
  6 naga sharpshooters
  2 thrashing horrors (Gauntlet)
  6 shock serpents
  A sun demon (Lair:5)
  Urug (Lair:2)
  A salamander mystic (Snake:4)
  Amaemon (Lair:2)
  10 skeletal warriors
  A sea snake (Snake:4)
  4 wizards
  A lindwurm (Lair:5)
  An orange crystal statue (IceCv)
  4 naga ritualists
  6 deep elf pyromancers
  9 mana vipers
  A necromancer (D:15)
  16 ugly things
  5 cyclopes
  A manticore (D:15)
  18 slime creatures
  4 centaur zombies (D:15)
  25 black mambas
  19 elephants
  11 salamanders
  2 torpor snails (Lair:5)
  An ice statue (D:14)
  10 naga magi
  2 gargoyles (D:13)
  A guardian serpent (Snake:4)
  Maggie (D:7)
  6 cane toads
  A freezing wraith (D:14)
  3 orange demons
  3 yaktaurs (D:15)
  An unseen horror (D:10)
  Psyche (D:12)
  A kobold demonologist (D:11)
  4 ice devils
  3 rime drakes
  7 komodo dragons
  4 trolls
  2 polar bears (Lair:3)
  2 meliai (D:14)
  A hellwing (Lair:5)
  2 hornets
  24 blink frogs
  Prince Ribbit (Bailey)
  A jumping spider (Gauntlet)
  A culicivora (shapeshifter) (D:13)
  A jumping spider (shapeshifter) (D:14)
  2 shadows (D:12)
  10 wraiths
  4 basilisks
  49 yaks
  4 wyverns
  5 humans (Bailey)
  An unseen horror simulacrum (D:9)
  A redback (D:14)
  2 small abominations (Gauntlet)
  A steam dragon (D:7)
  12 vampire mosquitoes
  Grum (D:10)
  35 nagas
  An acid dragon (D:11)
  13 water moccasins
  2 hell hounds (Lair:5)
  A meliai simulacrum (D:15)
  7 orc warriors
  An ice beast (D:7)
  2 sky beasts (D:7)
  3 black bears
  6 great orb of eyes simulacra (IceCv)
  2 centaurs (D:9)
  7 wolves
  A boggart (D:14)
  3 phantoms
  5 kobold brigands
  23 bullfrogs
  6 glowing shapeshifter simulacra (IceCv)
  4 scorpions
  5 wights
  11 killer bees
  2 electric eels
  5 howler monkeys
  2 jellies
  A gnoll bouda (D:7)
  11 orc priests
  A hound (D:4)
  4 iguanas
  9 orc wizards
  Robin (D:3)
  12 gnolls
  11 adders
  4 river rats (D:5)
  2 shadow imps
  3 white imps (Gauntlet)
  2 ufetubi
  2 worms
  2 dart slugs
  28 orcs
  6 endoplasms
  4 giant cockroaches
  10 hobgoblins
  2 jackals (D:5)
  2 quokkas
  3 ball pythons
  3 bats
  3 frilled lizards (D:1)
  12 goblins
  29 kobolds
  A rat (D:2)
733 creatures vanquished.

Vanquished Creatures (others)
  A sea snake (Snake:4)
  A wizard (D:15)
  A deep elf pyromancer (D:9)
  19 fungi
  54 plants
76 creatures vanquished.

Grand Total: 809 creatures vanquished

Notes
Turn   | Place    | Note
-------+----------+-------------------------------------------
     0 | D:1      | ASSMAN the Minotaur Berserker began the quest for the Orb.
     0 | D:1      | Reached XP level 1. HP: 19/19 MP: 0/0
     7 | D:1      | Found a faded altar of an unknown god.
   409 | D:1      | Reached XP level 2. HP: 27/27 MP: 1/1
   811 | D:2      | Reached skill level 3 in Armour
   832 | D:2      | Reached XP level 3. HP: 26/33 MP: 2/2
  1012 | D:2      | Reached XP level 4. HP: 18/41 MP: 3/3
  1113 | D:2      | Found a blossoming altar of Fedhas.
  2148 | D:3      | Found Heeheewno's Book Shop.
  2191 | D:3      | Reached ** piety under Trog
  2458 | D:3      | Noticed Robin
  2469 | D:3      | Killed Robin
  2470 | D:3      | Reached skill level 4 in Armour
  2535 | D:3      | Noticed a phantom
  2546 | D:3      | Killed a phantom
  2547 | D:3      | Reached skill level 5 in Fighting
  2547 | D:3      | Reached XP level 5. HP: 41/48 MP: 4/4
  2593 | D:3      | Found a burning altar of Makhleb.
  2878 | D:4      | Reached skill level 5 in Unarmed Combat
  2879 | D:4      | Reached XP level 6. HP: 57/57 MP: 5/5
  2926 | D:4      | Reached skill level 5 in Armour
  3230 | D:4      | Noticed an orc warrior
  3240 | D:4      | Killed an orc warrior
  3241 | D:4      | Reached XP level 7. HP: 64/64 MP: 6/6
  3250 | D:4      | Found Quuluvio's Fire Supplies.
  3513 | D:5      | Entered Level 5 of the Dungeon
  3587 | D:5      | Reached *** piety under Trog
  3588 | D:5      | Reached skill level 6 in Armour
  3597 | D:5      | Found a radiant altar of Vehumet.
  3865 | D:5      | Found an ancient bone altar of Kikubaaqudgha.
  4109 | D:5      | Reached XP level 8. HP: 73/73 MP: 7/7
  4378 | D:6      | Reached skill level 7 in Armour
  4439 | D:6      | Found a white marble altar of Elyvilon.
  4439 | D:6      | Found a shimmering blue altar of Sif Muna.
  4446 | D:6      | Found a sparkling altar of Nemelex Xobeh.
  4449 | D:6      | Found a faded altar of an unknown god.
  4451 | D:6      | Found a faded altar of an unknown god.
  4971 | D:6      | Identified the +9 plate armour of the Leaf {rPois Stlth+}
  5446 | D:7      | Noticed a +0 hand axe
  5448 | D:7      | Noticed a +0 dagger
  5451 | D:7      | Found a hide-covered altar of Uskayaw.
  5584 | D:6      | Reached skill level 8 in Armour
  5695 | D:7      | Noticed Maggie
  5702 | D:7      | Reached XP level 9. HP: 83/83 MP: 8/8
  5707 | D:7      | Killed Maggie
  5720 | D:7      | Reached **** piety under Trog
  5721 | D:7      | Reached skill level 9 in Armour
  5780 | D:7      | Found a staircase to the Ecumenical Temple.
  5897 | Temple   | Entered the Ecumenical Temple
  6293 | D:7      | Reached skill level 10 in Fighting
  6558 | D:8      | Found a flagged portal.
  6567 | Bailey   | Entered a bailey
  6647 | Bailey   | Reached XP level 10. HP: 82/94 MP: 9/9
  6651 | Bailey   | Reached skill level 5 in Dodging
  6665 | Bailey   | Reached skill level 10 in Unarmed Combat
  6711 | Bailey   | Noticed Prince Ribbit
  6711 | Bailey   | Noticed a vault guard
  6725 | Bailey   | Killed Prince Ribbit
  6730 | Bailey   | Killed a vault guard
  7129 | Bailey   | Noticed a vault guard
  7139 | Bailey   | Killed a vault guard
  7619 | D:8      | Paralysed by a hornet for 2 turns
  7842 | D:8      | Found a radiant altar of Vehumet.
  7861 | D:8      | Found a staircase to the Lair.
  8223 | D:9      | Reached XP level 11. HP: 90/104 MP: 10/10
  8304 | D:9      | Noticed a centaur warrior
  8324 | D:9      | Killed a centaur warrior
  8557 | D:9      | Noticed a deep elf pyromancer
  8566 | D:9      | Killed a deep elf pyromancer
  8601 | D:9      | Reached ***** piety under Trog
  8677 | D:9      | Identified the +12 spear of the Bruised Ears {heavy, Will+}
  8846 | D:9      | Found a staircase to the Orcish Mines.
  8925 | D:9      | Reached skill level 1 in Polearms
  8944 | D:9      | Found Repsafa's Antique Weapon Boutique.
  9052 | D:10     | Entered Level 10 of the Dungeon
  9149 | D:10     | Found a shadowy altar of Dithmenos.
  9492 | D:10     | Noticed Grum
  9493 | D:10     | Found Qerott's General Store.
  9500 | D:10     | Killed Grum
  9501 | D:10     | Reached skill level 10 in Armour
  9874 | D:11     | Noticed a centaur warrior
  9883 | D:11     | Killed a centaur warrior
  9884 | D:11     | Reached skill level 5 in Polearms
 10013 | D:11     | Noticed a deep elf pyromancer
 10018 | D:11     | Killed a deep elf pyromancer
 10059 | D:11     | Reached skill level 11 in Armour
 10189 | D:11     | Found Towkeb's Antique Armour Boutique.
 10192 | D:11     | Bought a glowing buckler for 187 gold pieces
 10448 | Lair:1   | Entered Level 1 of the Lair of Beasts
 10453 | Lair:1   | Reached skill level 1 in Shields
 10480 | Lair:1   | Reached XP level 12. HP: 74/113 MP: 11/11
 10494 | Lair:1   | HP: 2/113 [yak (9)]
 10677 | Lair:1   | Reached skill level 12 in Armour
 10832 | Lair:1   | Reached skill level 5 in Shields
 10871 | Lair:1   | Identified the +8 falchion "Weap Veo" {freeze, *Slow rPois
                  | rF+ Str+3}
 11311 | Lair:2   | Found a staircase to the Snake Pit.
 11396 | Lair:2   | Noticed Fannar
 11400 | Lair:2   | Reached skill level 13 in Armour
 11410 | Lair:2   | Killed Fannar
 11480 | Lair:2   | Noticed Urug
 11487 | Lair:2   | Reached skill level 10 in Polearms
 11500 | Lair:2   | Reached XP level 13. HP: 110/119 MP: 12/12
 11506 | Lair:2   | Killed Urug
 11646 | Lair:2   | Noticed Amaemon
 11654 | Lair:2   | Killed Amaemon
 12097 | Lair:3   | Identified the +9 falchion of the Illusory Suns {heavy,
                  | *Slow rPois rC+ rN+++}
 12139 | Lair:3   | Identified the +1 pair of gloves of Hepliaklqana's Whim
                  | {+Blink Will- Slay+4}
 12162 | Lair:3   | Found a staircase to the Shoals.
 12197 | Lair:3   | Reached skill level 14 in Armour
 12274 | Lair:3   | Noticed Josephine
 12283 | Lair:3   | Killed Josephine
 12357 | Lair:3   | Noticed Gastronok
 12371 | Lair:3   | Killed Gastronok
 13104 | Lair:4   | Reached skill level 10 in Shields
 13258 | Lair:4   | Reached skill level 15 in Armour
 13259 | Lair:4   | Received a gift from Trog
 13382 | Lair:4   | Found a runed translucent gate.
 13382 | Lair:4   | Found a runed translucent gate.
 13438 | Lair:4   | Found a runed translucent gate.
 13537 | Lair:4   | Noticed Peaff's ghost (journeyman VSEn)
 13722 | Lair:4   | Killed Peaff's ghost
 13762 | Lair:5   | Entered Level 5 of the Lair of Beasts
 13898 | Lair:5   | Reached XP level 14. HP: 127/127 MP: 13/13
 14036 | Lair:5   | Reached skill level 16 in Armour
 14085 | Lair:5   | Found a staircase to the Slime Pits.
 14681 | Lair:5   | Received a gift from Trog
 14825 | Lair:5   | Found a burning altar of Makhleb.
 14831 | Lair:5   | Found a gateway to Hell.
 14844 | Lair:5   | Identified the +8 war axe of Mestoeve {venom, rN+ rCorr
                  | Str+3 SInv}
 15814 | D:12     | Noticed Psyche
 15818 | D:12     | Killed Psyche
 15948 | D:13     | Found a gate leading to a gauntlet.
 15957 | Gauntlet | Entered a Gauntlet
 15957 | Gauntlet | Found a transporter.
 15957 | Gauntlet | Found a transporter.
 15982 | Gauntlet | Found a transporter.
 15982 | Gauntlet | Found a transporter.
 15992 | Gauntlet | Found a transporter.
 16005 | Gauntlet | Found a transporter.
 16005 | Gauntlet | Found the +7 captain's cutlass {speed, disarm}
 16015 | Gauntlet | Found a transporter.
 16026 | Gauntlet | Found a transporter.
 16044 | Gauntlet | Found a transporter.
 16071 | Gauntlet | Found a transporter.
 16226 | Gauntlet | Found a transporter.
 16264 | Gauntlet | Reached skill level 17 in Armour
 16294 | Gauntlet | Found a transporter.
 16295 | Gauntlet | Found a transporter.
 16323 | Gauntlet | Identified the amulet of Wenwe {Spirit rF+ Slay+2}
 16364 | Gauntlet | Found the +3 crown of Dyrovepreva {rElec Int+2 SInv}
 16370 | Gauntlet | Identified the +4 ring mail of Inference {rC+ Str+3}
 16391 | Gauntlet | Identified the +2 scale mail of the Eight Boll Weevils
                  | {Harm rC+ Regen+}
 16754 | D:13     | Reached XP level 15. HP: 123/139 MP: 14/14
 16951 | D:13     | Found a gate to the Vaults.
 17180 | D:13     | Reached skill level 15 in Fighting
 17490 | D:14     | Found Sisiemm's Neck Hole.
 17504 | D:14     | Bought a scarf of harm for 117 gold pieces
 17519 | D:14     | Found a hazy altar of Hepliaklqana.
 17620 | D:14     | Found a frozen archway.
 17635 | IceCv    | Entered an ice cave
 17653 | IceCv    | Received a gift from Trog
 17848 | IceCv    | Reached skill level 18 in Armour
 18304 | IceCv    | Noticed a rockslime
 18306 | IceCv    | Found a viscous altar of Jiyva.
 18306 | IceCv    | Noticed an azure jelly
 18310 | IceCv    | Killed a rockslime
 18315 | IceCv    | Killed an azure jelly
 18396 | IceCv    | Noticed an azure jelly
 18396 | IceCv    | Noticed an azure jelly
 18409 | IceCv    | Killed an azure jelly
 18412 | IceCv    | Killed an azure jelly
 18413 | IceCv    | Reached skill level 15 in Shields
 18441 | IceCv    | Got the ring "Fycwur" {rC+ Will+}
 18451 | IceCv    | Got the ring "Faemoptu" {*Slow rElec rC+ rN++ Slay+3}
 18456 | IceCv    | Got the Compilation of Refrigeration
 19424 | D:15     | Entered Level 15 of the Dungeon
 19424 | D:15     | Noticed Louise
 19431 | D:15     | Killed Louise
 19654 | D:15     | Reached XP level 16. HP: 129/152 MP: 15/15
 19728 | D:15     | Reached skill level 19 in Armour
 20164 | D:15     | Found a staircase to the Depths.
 20462 | D:15     | Found a shimmering blue altar of Sif Muna.
 20648 | Snake:1  | Entered Level 1 of the Snake Pit
 20676 | Snake:1  | Identified the +1 robe "Nono" {rElec Regen+ Dex-4}
 20775 | Snake:1  | Found Xumegao's Antique Armour Shop.
 20821 | Snake:1  | Bought a pair of runed boots for 285 gold pieces
 20994 | D:10     | Bought the +6 plate armour of Limited Liability {Harm
                  | *Corrode rElec rN+} for 656 gold pieces
 21111 | Snake:1  | Noticed Jorgrun
 21118 | Snake:1  | Killed Jorgrun
 21311 | Snake:1  | Noticed Frances
 21318 | Snake:1  | Killed Frances
 21334 | Snake:1  | Received a gift from Trog
 21338 | Snake:1  | Found Zosaek's Armour Boutique.
 21387 | Snake:1  | Noticed Aizul
 21404 | Snake:1  | Killed Aizul
 23067 | Snake:3  | Found Geg Ell's Weapon Shop.
 23073 | Snake:3  | Found Kuxoukhlo's Antique Weapon Shop.
 23073 | Snake:3  | Found Hudiow's Magic Scroll Boutique.
 23106 | Snake:3  | Found Qyppiom's Weapon Boutique.
 23179 | Snake:3  | Received a gift from Trog
 23508 | Snake:3  | Reached skill level 20 in Armour
 24003 | Snake:4  | Entered Level 4 of the Snake Pit
 24338 | Snake:4  | Reached XP level 17. HP: 165/165 MP: 16/16
 24661 | Snake:4  | Succumbed to a nagaraja's poison arrow

Illustrated notes

Levels and vault maps discovered:
D:1:      dpeg_arrival_orchard, layout_loops_ring,
          hellmonk_ecumenical_altar_pennies_from_heaven, st_stairs_2
D:2:      layout_basic, basic_altar
D:3:      layout_loops_ring, mainiacjoe_overflow_alcove_1, serial_shops,
          nicolae_shop_competitors_out_of_business, uniq_robin
D:4:      layout_rooms, nicolae_shop_fire_sale [nicolae_sub_dead_trees]
D:5:      wad_woods_stonehenge, layout_loops_ring,
          mainiacjoe_overflow_tiny_flanked
D:6:      layout_layer_cave, chequers_temple_overflow_minitemple,
          kennysheep_generic_room_10
D:7:      layout_basic, dancing_weapons_uskayaw,
          minmay_temple_entry_drinking_statues, uniq_maggie
D:8:      layout_basic, mainiacjoe_overflow_brackets, lair_entry_dummy,
          enter_bailey_6
D:9:      minmay_opposing_rooms, layout_loops_cross, orc_0_dummy, serial_shops,
          nicolae_shop_window_shopping, minivault_22
D:10:     layout_basic, grunt_dithmenos_smoke_and_mirrors, serial_shops,
          nicolae_shop_trees, uniq_grum
D:11:     layout_basic, serial_shops, nicolae_shop_behind_doors
D:12:     layout_basic, uniq_psyche
D:13:     layout_big_octagon, erik_vaults_2, gauntlet_entry_generic
D:14:     minmay_inside_and_out, layout_loops_ring,
          nicolae_hepliaklqana_hazy_memory,
          portal_ice_cave_entry_ice_statue_one,
          nicolae_shop_sticking_my_neck_out
D:15:     grunt_enter_depths_magical_seal, layout_loops_ring,
          lemuel_blue_sif_altar, uniq_louise
Temple:   minmay_temple_curvy_branch
Lair:1:   layout_big_grid, grunt_megastairs_5
Lair:2:   layout_small_grid, guppyfry_snake_entry_island, serial_bayou_shore_a,
          uniq_amaemon, uniq_fannar, uniq_urug
Lair:3:   layout_loops_ring, shoals_dummy_entry, gammafunk_lair_bear_cave,
          grunt_megastairs_3, uniq_gastronok, uniq_josephine
Lair:4:   layout_regular_city, gammafunk_ghost_hydra_chop, nicolae_lair_lil_pond
Lair:5:   evil_forest, layout_gridlike, slime_entry_1
Snake:1:  layout_onion, serial_shops, nicolae_shop_advertising_works
          [nicolae_subvault_shop_adworks], shop, grunt_megastairs_2,
          uniq_jorgrun, uniq_frances, uniq_aizul
Snake:2:  layout_gridlike, serial_bayou_shore_b
Snake:3:  layout_rooms, minmay_shoptagon
Snake:4:  grunt_snake_rune_pools, layout_rooms, serial_bayou_pond_e

Skill      XL: |  1  2  3  4  5  6  7  8  9 10 11 12 13 14 15 16 |
---------------+-------------------------------------------------+-----
Fighting       | 4 5 6 7 9 10 12 14 16 18 | 18.5
Armour         | 3 4 5 6 8 9 11 13 15 17 18 20 | 20.5
Unarmed Combat | 4 5 6 8 9 11 | 11.7
Dodging        | 4 7 8 |  8.2
Polearms       | 7 10 12 | 12.0
Shields        | 2 7 11 13 15 17 | 17.8

Action                     |  1- 3 |  4- 6 |  7- 9 | 10-12 | 13-15 | 16-18 || total
---------------------------+-------+-------+-------+-------+-------+-------++-------
  Melee: Unarmed           |    67 |   133 |   283 |   173 |       |       ||   656
         Headbutt          |     7 |    29 |    50 |    88 |   204 |    55 ||   433
         Punch             |     1 |     2 |     9 |    14 |       |       ||    26
         Spear             |       |       |       |   311 |   877 |   399 ||  1587
  Throw: Javelin           |       |       |       |     2 |       |       ||     2
 Invoke: Berserk           |       |     3 |     4 |    14 |    21 |     5 ||    47
         Trog's Hand       |       |       |       |       |     3 |       ||     3
    Use: Scroll            |       |       |     8 |     7 |    19 |     2 ||    36
         Potion            |       |       |       |     2 |     2 |       ||     4
 Armour: Chain mail        |    25 |    67 |   102 |       |   312 |    14 ||   520
         Animal skin       |     3 |       |       |       |       |       ||     3
         Steam dragon scal |       |       |    26 |     7 |       |       ||    33
         Plate armour      |       |       |       |   287 |       |    87 ||   374
         Ring mail         |       |       |       |       |       |    20 ||    20
  Dodge: Dodged            |    29 |    58 |   125 |   242 |   199 |    89 ||   742
  Block: Buckler           |       |       |       |    57 |    88 |       ||   145
         Tower shield      |       |       |       |       |   315 |   323 ||   638

Table legend: (Time is in decaauts)
 A = Elapsed time spent in this place.
 B = Non-inter-level travel time spent in this place.
 C = Inter-level travel time spent in this place.
 D = Time resting spent in this place.
 E = Time spent auto-exploring this place.
 F = Levels seen in this place.
 G = Mean time per level.
                   A        B        C        D        E       F      G
               +--------+--------+--------+--------+--------+-----+--------+
         Total |  24852 |  23310 |   1542 |   2862 |  15846 |  28 |  887.6 |
       Dungeon |  13891 |  12899 |    992 |    892 |   9775 |  15 |  926.1 |
        Temple |    249 |    245 |      4 |      0 |    243 |   1 |  249.0 |
          Lair |   4870 |   4485 |    385 |    292 |   3261 |   5 |  974.0 |
     Snake Pit |   3796 |   3635 |    161 |    970 |   2106 |   4 |  949.0 |
        Bailey |    630 |    630 |      0 |    357 |    100 |   1 |  630.0 |
      Ice Cave |    945 |    945 |      0 |    347 |    327 |   1 |  945.0 |
      Gauntlet |    469 |    469 |      0 |      1 |     32 |   1 |  469.0 |
               +--------+--------+--------+--------+--------+-----+--------+

Top non-repeatable levels by time:
     D:2: 1274 daAuts
 Snake:3: 1246 daAuts
  Lair:5: 1164 daAuts
     D:8: 1160 daAuts
 Snake:1: 1150 daAuts
     D:6: 1143 daAuts
    D:15: 1077 daAuts
    D:14: 1063 daAuts
  Lair:2: 1047 daAuts
     D:9: 1031 daAuts
 Snake:2: 1024 daAuts
  Lair:4: 1015 daAuts
    D:12: 1008 daAuts
   IceCv: 945 daAuts
    D:10: 914 daAuts
